Map: 中央管制平台

Players

Rose (Python)

  • Race: Zerg Zerg
  • League: Grandmaster

Nice - Winner!

  • Race: Protoss Protoss
  • League: Grandmaster

Event: 2016 WCS Winter Challenger Taiwan

VOD

Have the link to the VOD?

Description

Time

  • Played on: Jan. 16, 2016, 4:20 a.m.
  • Length: 6:51

All games in this series

Show
View Real Time Build Order
Export as new Build Order

Rose Zerg 

Build Orders: Hatch First 

Get SALT Encoding   

  12  0:00  Drone  
  13  0:08  Drone  
  14  0:16  Overlord  
  14  0:22  Extractor  
  14  0:23  Drone  
  15  0:35  Drone  
  15  0:36  Drone  
  17  0:54  Hatchery  
  17  0:57  Drone  
  17  1:10  Spawning Pool  
  16  1:12  Drone  
  16  1:14  Extractor  
  16  1:16  Drone  
  17  1:20  Drone  
  18  1:26  Drone  
  19  1:39  Overlord  
  20  1:54  Drone  
  20  1:57  Queen  
  20  1:59  Zergling x2  
  23  2:06  Queen  
  23  2:07  Drone  
  26  2:10  Drone  
  27  2:17  Drone  
  28  2:24  Metabolic Boost  
  28  2:31  Drone  
  28  2:33  Drone  
  28  2:34  Overlord  
  30  2:40  Zergling x2  
  30  2:44  Zergling x2  
  31  2:50  Zergling x2  
  31  2:59  Zergling x2  
  28  3:14  Zergling x4  
  28  3:17  Drone x4  
  28  3:18  Drone x3  
  37  3:23  Spore Crawler x2  
  37  3:24  Drone  
  34  3:31  Zergling x2  
  28  3:41  Zergling x4  
  30  3:50  Zergling x4  
  29  4:07  Drone  
  29  4:08  Drone x2, Queen  
  29  4:09  Drone  
  35  4:16  Drone x3  
  38  4:19  Drone x2  
  38  4:21  Drone x2  
  42  4:28  Overlord  
  42  4:29  Drone  
  41  4:39  Drone  
  40  4:49  Drone  
  40  4:51  Drone x2, Extractor  
  40  4:52  Extractor x2  
  40  4:54  Drone x3, Queen  
  43  5:01  Drone x3  
  43  5:04  Drone  
  46  5:13  Drone x2  
  48  5:23  Drone x4  
  48  5:25  Overlord x2  
  50  5:35  Zergling x2  
  50  5:36  Zergling x4  
  48  5:45  Zergling x4  
  46  5:50  Zergling x8  
  42  5:59  Zergling x6  
  42  6:02  Zergling x4  
  38  6:16  Zergling x6  
  38  6:17  Zergling x2  
  34  6:25  Zergling x4  
  34  6:26  Zergling x2  
  35  6:34  Drone x3  
  35  6:37  Drone x2  
Show
View Real Time Build Order
Export as new Build Order

Nice Protoss - Winner!

Build Orders: Oracle Opening 

Get SALT Encoding   

  12  0:01  Probe (Chrono Boost)  
  13  0:12  Probe (Chrono Boost)  
  14  0:17  Pylon  
  14  0:22  Probe (Chrono Boost)  
  16  0:35  Probe (Chrono Boost)  
  16  0:39  Gateway  
  16  0:46  Probe (Chrono Boost)  
  16  0:47  Assimilator  
  17  0:52  Assimilator  
  17  0:56  Probe (Chrono Boost)  
  18  1:07  Probe (Chrono Boost)  
  19  1:12  Gateway  
  19  1:17  Probe (Chrono Boost)  
  20  1:27  Cybernetics Core  
  20  1:29  Probe (Chrono Boost)  
  21  1:38  Pylon  
  21  1:39  Probe (Chrono Boost)  
  22  1:50  Probe (Chrono Boost)  
  23  2:02  Adept (Chrono Boost)  
  23  2:05  Warp Gate  
  23  2:07  Adept (Chrono Boost)  
  27  2:18  Stargate  
  27  2:29  Adept (Chrono Boost)  
  29  2:30  Adept (Chrono Boost)  
  29  2:33  Pylon  
  31  2:51  Mothership Core  
  33  3:16  Nexus  
  33  3:18  Oracle (Chrono Boost)  
  34  3:24  Adept x2  
  38  3:27  Probe  
  39  3:55  Probe  
  39  4:00  Oracle (Chrono Boost)  
  39  4:08  Probe  
  38  4:14  Robotics Facility  
  38  4:20  Probe, Pylon  
  39  4:24  Pylon  
  39  4:29  Pylon  
  39  4:31  Adept  
  41  4:32  Probe  
  41  4:37  Adept  
  41  4:38  Probe (Chrono Boost)  
  44  4:44  Probe (Chrono Boost)  
  46  4:50  Probe (Chrono Boost)  
  47  4:55  Probe (Chrono Boost)  
  48  5:00  Probe (Chrono Boost)  
  48  5:03  Adept x2  
  48  5:06  Probe (Chrono Boost)  
  54  5:11  Probe (Chrono Boost)  
  54  5:14  Robotics Bay  
  55  5:16  Probe (Chrono Boost)  
  56  5:21  Probe (Chrono Boost)  
  56  5:27  Probe (Chrono Boost), Assimilator  
  58  5:28  Assimilator  
  58  5:32  Probe (Chrono Boost)  
  59  5:37  Probe (Chrono Boost)  
  61  5:43  Probe (Chrono Boost)  
  61  5:45  Warp Prism (Chrono Boost)  
  61  5:48  Probe (Chrono Boost), Pylon  
  64  5:55  Adept x2  
  67  5:57  Probe (Chrono Boost)  
  67  5:59  Pylon  
  67  6:01  Pylon  
  63  6:21  Twilight Council  
  63  6:22  Forge  
  60  6:43  Gateway  
  60  6:47  Gateway  
Tags
 
Add a new tag
Caveats
  • Supply blocks, unpowered buildings, or Contaminate may cause inaccurate times.
  • Supply counts are checked every 10 seconds.